Coyotes vs Senateurs
Created - March 6, 2020 at 22:11
Goals
|
Coyotes |
1 |
0 |
2 |
3 |
Senateurs |
0 |
0 |
1 |
1 |
|
Shots
|
Coyotes |
9 |
7 |
12 |
28 |
Senateurs |
4 |
1 |
17 |
22 |
|
1st period
1. Coyotes , Martin Samuelsson 6 (Evgeny Artyukhin 6, Jamie Arniel 14) at 18:43
Penalties :
Brad Richards (Ari) for Hooking (Minor) at 13:44
2nd period
No Goal
Penalties :
Ryan Hollweg (Ott) for Hooking (Minor) at 4:53
3rd period
2. Coyotes , Chris Stewart 13 (Kristopher Letang 21, Anton Stralman 16) at 1:39
3. Coyotes , Zach Parise 22 (Brad Richards 27, Michael Del Zotto 19) at 4:09
4. Senateurs , Radim Vrbata 7 (Daniel Briere 14, Duncan Keith 16) at 12:03
Penalties :
No Penalty
Goalie Stats
Maxime Daigneault (Ari), 21 saves from 22 shots - (0.955), W, 19-14-1, 60:00 minutes
Roberto Luongo (Ott), 25 saves from 28 shots - (0.893), L, 4-9-2, 60:00 minutes
Players Stats for Coyotes
Player Name G A P +/- PIM S H SB GA TA FO MP PP MP PK MP
------------------------------------------------------------------------------------
Andrew MacDonald 0 0 0 0 0 0 0 0 0 1 0/0 6:40 0:00 0:51
Anton Stralman 0 1 1 0 0 1 3 1 0 0 0/0 19:36 0:00 1:08
Brad Richards 0 1 1 2 2 3 3 2 0 1 2/7 18:13 0:58 0:00
Chris Stewart 1 0 1 2 0 2 1 1 1 0 0/0 18:13 0:58 0:00
Evgeny Artyukhin 0 1 1 0 0 2 0 0 0 0 0/0 15:54 0:00 0:39
Jamie Arniel 0 1 1 0 0 1 0 0 1 0 3/4 17:24 0:00 0:58
Josh Gorges 0 0 0 2 0 2 0 1 0 0 0/0 18:29 0:00 1:08
Kristopher Letang 0 1 1 0 0 1 3 0 0 0 0/0 25:16 1:09 0:00
Marian Gaborik 0 0 0 0 0 4 3 0 0 0 0/0 21:27 1:01 0:00
Martin Samuelsson 1 0 1 0 0 2 1 0 0 0 0/0 16:27 0:00 0:59
Matt Donovan 0 0 0 0 0 0 0 0 0 0 0/0 15:24 0:50 0:00
Michael Del Zotto 0 1 1 2 0 0 3 0 2 0 0/0 18:20 1:09 0:00
Nazem Kadri 0 0 0 0 0 2 1 0 0 0 9/16 17:54 1:01 0:22
Nick Bonino 0 0 0 0 0 0 1 0 0 0 0/1 8:02 0:00 0:00
Ramzi Abid 0 0 0 0 0 1 0 0 1 0 0/0 8:22 0:00 0:24
Thomas Hickey 0 0 0 0 0 0 2 0 0 0 0/0 16:15 0:50 0:51
Tyler Ennis 0 0 0 0 0 6 2 0 1 1 1/1 17:30 1:01 0:00
Zach Parise 1 0 1 2 0 1 2 0 0 0 0/1 18:34 0:58 0:36
Players Stats for Senateurs
Player Name G A P +/- PIM S H SB GA TA FO MP PP MP PK MP
------------------------------------------------------------------------------------
Arturs Kulda 0 0 0 0 0 1 0 0 0 0 0/0 4:46 0:00 0:00
Carlo Colaiacovo 0 0 0 -3 0 0 1 0 0 1 0/0 14:37 0:00 0:00
Cody Franson 0 0 0 0 0 0 1 0 1 0 0/0 20:28 1:30 1:16
Colby Armstrong 0 0 0 -1 0 0 2 0 0 0 1/1 18:41 0:57 0:00
Daniel Briere 0 1 1 1 0 2 3 1 0 1 0/2 15:04 0:00 0:47
Daniel Sedin 0 0 0 -1 0 3 3 1 0 0 0/0 17:56 0:57 0:00
Dion Phaneuf 0 0 0 0 0 1 1 1 0 0 0/0 24:27 1:30 1:16
Duncan Keith 0 1 1 1 0 1 0 3 1 1 0/0 20:56 0:29 0:43
Evgeni Malkin 0 0 0 -1 0 4 5 0 1 1 3/5 18:38 0:57 1:09
Jamie Benn 0 0 0 -2 0 0 2 0 0 0 1/1 17:59 1:02 0:35
Mark Giordano 0 0 0 -3 0 1 1 1 0 1 0/0 13:56 0:00 0:00
Nate Prosser 0 0 0 1 0 0 0 0 0 1 0/0 20:56 0:29 0:43
Phil Kessel 0 0 0 -2 0 1 1 0 0 0 0/1 17:43 1:02 0:15
Radim Vrbata 1 0 1 1 0 2 2 0 0 0 1/1 16:21 0:00 0:00
Ryan Hollweg 0 0 0 0 2 0 2 0 0 0 0/0 9:46 0:00 0:00
Sergei Kostitsyn 0 0 0 1 0 4 0 0 0 0 0/1 16:41 0:00 0:00
Sidney Crosby 0 0 0 -2 0 2 4 2 0 0 5/13 21:40 1:02 1:03
Stephane Da Costa 0 0 0 0 0 0 0 0 0 0 4/5 7:25 0:00 0:09
3 Stars
1 - Zach Parise (Ari)
2 - Chris Stewart (Ari)
3 - Michael Del Zotto (Ari)
Power Play
Coyotes - 0 on 1 Attempt(s) - 0.00%
Senateurs - 0 on 1 Attempt(s) - 0.00%
Penalty Kill
Coyotes - 1 on 1 Attempt(s) - 100.00%
- Score 0 goal in Penalty Kill
Senateurs - 1 on 1 Attempt(s) - 100.00%
- Score 0 goal in Penalty Kill
Team Stat
Coyotes - Hits : 25 - Faceoff Wins : 15 - Blocked Shots : 5 - Penalty Minutes : 2
Senateurs - Hits : 28 - Faceoff Wins : 15 - Blocked Shots : 9 - Penalty Minutes : 2
Official
Referees : Unknown
Linesman : Unknown
Game Notes
No Game Note
Finance
Level 1 -- Attendance: 5798 (96.63%) -- Ticket Income $597,194
Level 2 -- Attendance: 4096 (81.92%) -- Ticket Income $278,528
Level 3 -- Attendance: 1602 (80.10%) -- Ticket Income $68,886
Level 4 -- Attendance: 3986 (99.65%) -- Ticket Income $111,608
Luxury Box -- Attendance: 1000 (100.00%) -- Ticket Income $180,000
Game was played at the Place Banque Scotia.
Total Attendance: 16482 (91.57%)
Total Ticket Income: $1,236,216
Other Income: $185,432
Total Income: $1,421,648
Coyotes
5 vs 5 Forward
Center Left Wing Right Wing Time % Phy DF OF
1 Nazem Kadri Tyler Ennis Marian Gaborik 40 0 2 3
2 Brad Richards Zach Parise Chris Stewart 30 0 2 3
3 Jamie Arniel Martin Samuelsson Evgeny Artyukhin 20 0 2 3
4 Nick Bonino Ramzi Abid Marian Gaborik 10 0 2 3
5 vs 5 Defense
Defense Defense Time % Phy DF OF
1 Kristopher Letang Anton Stralman 40 0 3 2
2 Josh Gorges Michael Del Zotto 30 0 3 2
3 Matt Donovan Thomas Hickey 20 0 3 2
4 Andrew MacDonald Kristopher Letang 10 0 3 2
PowerPlay Forward
Center Left Wing Right Wing Time % Phy DF OF
1 Nazem Kadri Tyler Ennis Marian Gaborik 60 0 1 4
2 Brad Richards Zach Parise Chris Stewart 40 0 1 4
PowerPlay Defense
Defense Defense Time % Phy DF OF
1 Kristopher Letang Michael Del Zotto 60 0 2 3
2 Thomas Hickey Matt Donovan 40 0 2 3
Penalty Kill 4 Players Forward
Center Wing Time % Phy DF OF
1 Jamie Arniel Martin Samuelsson 60 0 3 2
2 Brad Richards Zach Parise 40 0 3 2
Penalty Kill 4 Players Defense
Defense Defense Time % Phy DF OF
1 Josh Gorges Anton Stralman 60 1 4 0
2 Andrew MacDonald Thomas Hickey 40 1 4 0
Penalty Kill - 3 Players Forward
Forward Time % Phy DF OF
1 Tyler Ennis 60 0 4 1
2 Martin Samuelsson 40 0 4 1
Penalty Kill - 3 Players Defense
Defense Defense Time % Phy DF OF
1 Kristopher Letang Anton Stralman 60 1 2 0
2 Josh Gorges Andrew MacDonald 40 1 4 0
4 vs 4 Forward
Center Wing Time % Phy DF OF
1 Tyler Ennis Marian Gaborik 60 0 2 3
2 Zach Parise Nazem Kadri 40 0 2 3
4 vs 4 Defense
Defense Defense Time % Phy DF OF
1 Kristopher Letang Anton Stralman 60 0 3 2
2 Josh Gorges Michael Del Zotto 40 0 3 2
Last Minutes Offensive
Center Left Wing Right Wing Defense Defense
Nazem Kadri Tyler Ennis Marian Gaborik Kristopher Letang Anton Stralman
Last Minutes Defensive
Center Left Wing Right Wing Defense Defense
Brad Richards Tyler Ennis Marian Gaborik Josh Gorges Anton Stralman
Goaltenders
Starting : Maxime Daigneault
Backup : Thomas McCollum
Extra Forwards
Normal : Jamie Arniel, Martin Samuelsson, Evgeny Artyukhin - PP : Jamie Arniel, Martin Samuelsson - PK : Evgeny Artyukhin
Extra Defensemen
Normal : Andrew MacDonald, Thomas Hickey, Matt Donovan - PP : Josh Gorges - PK : Thomas Hickey, Kristopher Letang
Penalty Shots
Tyler Ennis, Marian Gaborik, Zach Parise, Nazem Kadri, Brad Richards
Scratches
Mike Weber (Healthy)
Senateurs
5 vs 5 Forward
Center Left Wing Right Wing Time % Phy DF OF
1 Sidney Crosby Jamie Benn Phil Kessel 40 1 2 2
2 Evgeni Malkin Daniel Sedin Colby Armstrong 30 1 2 2
3 Daniel Briere Sergei Kostitsyn Radim Vrbata 20 1 2 2
4 Stephane Da Costa Ryan Hollweg Sidney Crosby 10 1 2 2
5 vs 5 Defense
Defense Defense Time % Phy DF OF
1 Dion Phaneuf Cody Franson 40 1 2 2
2 Duncan Keith Nate Prosser 30 1 2 2
3 Mark Giordano Carlo Colaiacovo 20 1 2 2
4 Arturs Kulda Dion Phaneuf 10 1 2 2
PowerPlay Forward
Center Left Wing Right Wing Time % Phy DF OF
1 Sidney Crosby Jamie Benn Phil Kessel 60 1 2 2
2 Evgeni Malkin Daniel Sedin Colby Armstrong 40 1 2 2
PowerPlay Defense
Defense Defense Time % Phy DF OF
1 Dion Phaneuf Cody Franson 60 1 2 2
2 Duncan Keith Nate Prosser 40 1 2 2
Penalty Kill 4 Players Forward
Center Wing Time % Phy DF OF
1 Sidney Crosby Evgeni Malkin 60 1 2 2
2 Phil Kessel Daniel Briere 40 1 2 2
Penalty Kill 4 Players Defense
Defense Defense Time % Phy DF OF
1 Dion Phaneuf Cody Franson 60 1 2 2
2 Duncan Keith Nate Prosser 40 1 2 2
Penalty Kill - 3 Players Forward
Forward Time % Phy DF OF
1 Sidney Crosby 60 1 2 2
2 Evgeni Malkin 40 1 2 2
Penalty Kill - 3 Players Defense
Defense Defense Time % Phy DF OF
1 Dion Phaneuf Cody Franson 60 1 2 2
2 Duncan Keith Nate Prosser 40 1 2 2
4 vs 4 Forward
Center Wing Time % Phy DF OF
1 Sidney Crosby Evgeni Malkin 60 1 2 2
2 Phil Kessel Daniel Briere 40 1 2 2
4 vs 4 Defense
Defense Defense Time % Phy DF OF
1 Dion Phaneuf Cody Franson 60 1 2 2
2 Duncan Keith Nate Prosser 40 1 2 2
Last Minutes Offensive
Center Left Wing Right Wing Defense Defense
Sidney Crosby Jamie Benn Phil Kessel Dion Phaneuf Cody Franson
Last Minutes Defensive
Center Left Wing Right Wing Defense Defense
Sidney Crosby Jamie Benn Phil Kessel Dion Phaneuf Cody Franson
Goaltenders
Starting : Roberto Luongo
Backup : Ondrej Pavelec
Extra Forwards
Normal : Sergei Kostitsyn, Radim Vrbata, Ryan Hollweg - PP : Sergei Kostitsyn, Radim Vrbata - PK : Ryan Hollweg
Extra Defensemen
Normal : Mark Giordano, Carlo Colaiacovo, Arturs Kulda - PP : Mark Giordano - PK : Carlo Colaiacovo, Arturs Kulda
Penalty Shots
Sidney Crosby, Evgeni Malkin, Phil Kessel, Daniel Briere, Jamie Benn
Scratches
Chris Kunitz (Healthy), Michel Ouellet (Healthy)
% Time on Ice - Coyotes
Lines # - Real PCT - Wanted PCT - Time Play
Normal Forward
1 - 31% - 40% - 17:10
2 - 31% - 30% - 17:19
3 - 24% - 20% - 13:35
4 - 14% - 10% - 7:58
Normal Defense
1 - 33% - 40% - 18:28
2 - 32% - 30% - 17:42
3 - 25% - 20% - 14:03
4 - 10% - 10% - 5:49
PP Forward
1 - 51% - 60% - 1:01
2 - 49% - 40% - 0:58
PP Defense
1 - 58% - 60% - 1:09
2 - 42% - 40% - 0:50
PK Forward
1 - 70% - 60% - 1:23
2 - 30% - 40% - 0:36
PK Defense
1 - 57% - 60% - 1:08
2 - 43% - 40% - 0:51
PK3 Forward
1 - 0% - 60%
2 - 0% - 40%
PK3 Defense
1 - 0% - 60%
2 - 0% - 40%
44 Forward
1 - 0% - 60%
2 - 0% - 40%
44 Defense
1 - 0% - 60%
2 - 0% - 40%
Last Minute Offensive - 0:00
Last Minute Defensive - 0:00
Total
Forward - 60:00
Defense - 60:00
|
% Time on Ice - Senateurs
Lines # - Real PCT - Wanted PCT - Time Play
Normal Forward
1 - 30% - 40% - 17:04
2 - 31% - 30% - 17:32
3 - 25% - 20% - 14:17
4 - 13% - 10% - 7:09
Normal Defense
1 - 31% - 40% - 17:36
2 - 35% - 30% - 19:44
3 - 25% - 20% - 13:56
4 - 9% - 10% - 4:46
PP Forward
1 - 52% - 60% - 1:02
2 - 48% - 40% - 0:57
PP Defense
1 - 76% - 60% - 1:30
2 - 24% - 40% - 0:29
PK Forward
1 - 87% - 60% - 1:44
2 - 13% - 40% - 0:15
PK Defense
1 - 64% - 60% - 1:16
2 - 36% - 40% - 0:43
PK3 Forward
1 - 0% - 60%
2 - 0% - 40%
PK3 Defense
1 - 0% - 60%
2 - 0% - 40%
44 Forward
1 - 0% - 60%
2 - 0% - 40%
44 Defense
1 - 0% - 60%
2 - 0% - 40%
Last Minute Offensive - 0:00
Last Minute Defensive - 0:00
Total
Forward - 60:00
Defense - 60:00
|
Play-by-Play
1st period
0:01 of 1st period - Sidney Crosby wins face-off versus Nazem Kadri in neutral zone.
0:26 of 1st period - Brad Richards is hit by Dion Phaneuf.
0:34 of 1st period - Snap shot by Dion Phaneuf.
0:34 of 1st period - Shot Blocked by Josh Gorges.
0:36 of 1st period - Slapshot by Cody Franson.
0:36 of 1st period - Deflect By Daniel Sedin.
0:36 of 1st period - Stopped by Maxime Daigneault with a rebound.
1:32 of 1st period - Kristopher Letang is hit by Phil Kessel and loses puck.
2:03 of 1st period - Snap shot by Daniel Sedin.
2:03 of 1st period - Shot Misses the Net.
3:01 of 1st period - Martin Samuelsson is hit by Radim Vrbata and loses puck.
3:20 of 1st period - Phil Kessel is hit by Tyler Ennis and loses puck.
3:27 of 1st period - Snap shot by Nazem Kadri.
3:27 of 1st period - Shot Misses the Net.
3:51 of 1st period - Snap shot by Jamie Benn.
3:51 of 1st period - Deflect By Phil Kessel.
3:51 of 1st period - Shot Misses the Net.
3:51 of 1st period - Puck is out of play.
3:52 of 1st period - Tyler Ennis wins face-off versus Evgeni Malkin in Coyotes zone.
4:28 of 1st period - Matt Donovan is hit by Mark Giordano and loses puck.
4:40 of 1st period - Off-side.
4:41 of 1st period - Brad Richards wins face-off versus Stephane Da Costa in neutral zone.
4:52 of 1st period - Snap shot by Zach Parise.
4:52 of 1st period - Shot Misses the Net.
5:04 of 1st period - Duncan Keith is hit by Marian Gaborik and loses puck.
5:49 of 1st period - Sidney Crosby is hit by Brad Richards and loses puck.
5:58 of 1st period - Wrist shot by Sidney Crosby.
5:58 of 1st period - Stopped by Maxime Daigneault without a rebound.
5:59 of 1st period - Evgeni Malkin wins face-off versus Nazem Kadri in Coyotes zone.
6:02 of 1st period - Snap shot by Evgeni Malkin.
6:02 of 1st period - Shot Misses the Net.
6:33 of 1st period - Phil Kessel is hit by Kristopher Letang and loses puck.
7:22 of 1st period - Snap shot by Daniel Sedin.
7:22 of 1st period - Stopped by Maxime Daigneault with a rebound.
7:58 of 1st period - Snap shot by Brad Richards.
7:58 of 1st period - Shot Misses the Net.
8:32 of 1st period - Colby Armstrong is hit by Nazem Kadri and loses puck.
9:38 of 1st period - Dion Phaneuf is hit by Thomas Hickey.
9:42 of 1st period - Sidney Crosby is hit by Anton Stralman.
9:54 of 1st period - Snap shot by Ryan Hollweg.
9:54 of 1st period - Deflect By Stephane Da Costa.
9:54 of 1st period - Shot Misses the Net.
9:54 of 1st period - Puck is out of play.
9:55 of 1st period - Stephane Da Costa wins face-off versus Nazem Kadri in Coyotes zone.
10:21 of 1st period - Daniel Briere is hit by Zach Parise and loses puck.
10:36 of 1st period - Sidney Crosby is hit by Marian Gaborik and loses puck.
10:54 of 1st period - Kristopher Letang is hit by Evgeni Malkin and loses puck.
11:09 of 1st period - Sidney Crosby is hit by Anton Stralman and loses puck.
11:14 of 1st period - Snap shot by Chris Stewart.
11:14 of 1st period - Stopped by Roberto Luongo without a rebound.
11:15 of 1st period - Nazem Kadri wins face-off versus Daniel Briere in Senateurs zone.
12:03 of 1st period - Evgeny Artyukhin is hit by Evgeni Malkin and loses puck.
12:18 of 1st period - Tyler Ennis is hit by Radim Vrbata and loses puck.
12:27 of 1st period - Snap shot by Nazem Kadri.
12:27 of 1st period - Shot Blocked by Daniel Briere.
13:44 of 1st period - Minor Penalty to Brad Richards for Hooking.
13:45 of 1st period - Jamie Arniel wins face-off versus Sidney Crosby in Coyotes zone.
14:42 of 1st period - Zach Parise is hit by Sidney Crosby and loses puck.
15:33 of 1st period - Nate Prosser is hit by Zach Parise and loses puck.
15:38 of 1st period - Wrist shot by Nazem Kadri.
15:38 of 1st period - Stopped by Roberto Luongo without a rebound.
15:39 of 1st period - Jamie Arniel wins face-off versus Phil Kessel in Senateurs zone.
15:44 of 1st period - Penalty to Brad Richards is over, Brad Richards is back on ice.
15:52 of 1st period - Josh Gorges is hit by Daniel Briere and loses puck.
15:59 of 1st period - Backhand shot by Nazem Kadri.
15:59 of 1st period - Stopped by Roberto Luongo with a rebound.
16:01 of 1st period - Snap shot by Tyler Ennis.
16:01 of 1st period - Shot Misses the Net.
16:08 of 1st period - Icing by Duncan Keith.
16:09 of 1st period - Stephane Da Costa wins face-off versus Brad Richards in Senateurs zone.
16:35 of 1st period - Daniel Sedin is hit by Marian Gaborik and loses puck.
16:58 of 1st period - Snap shot by Evgeny Artyukhin.
16:58 of 1st period - Stopped by Roberto Luongo without a rebound.
16:59 of 1st period - Jamie Arniel wins face-off versus Daniel Briere in Senateurs zone.
17:31 of 1st period - Wrist shot by Tyler Ennis.
17:31 of 1st period - Stopped by Roberto Luongo with a rebound.
17:33 of 1st period - Snap shot by Marian Gaborik.
17:33 of 1st period - Stopped by Roberto Luongo without a rebound.
17:34 of 1st period - Nazem Kadri wins face-off versus Sidney Crosby in Senateurs zone.
17:43 of 1st period - Wrist shot by Marian Gaborik.
17:43 of 1st period - Deflect By Tyler Ennis.
17:43 of 1st period - Stopped by Roberto Luongo with a rebound.
18:09 of 1st period - Wrist shot by Evgeni Malkin.
18:09 of 1st period - Stopped by Maxime Daigneault without a rebound.
18:10 of 1st period - Sidney Crosby wins face-off versus Nazem Kadri in Coyotes zone.
18:43 of 1st period - Snap shot by Evgeny Artyukhin.
18:43 of 1st period - Deflect By Martin Samuelsson.
18:43 of 1st period - Goal by Martin Samuelsson - Coyotes : 1 - Senateurs : 0.
18:44 of 1st period - Nazem Kadri wins face-off versus Evgeni Malkin in neutral zone.
18:47 of 1st period - Slapshot by Anton Stralman.
18:47 of 1st period - Deflect By Marian Gaborik.
18:47 of 1st period - Stopped by Roberto Luongo with a rebound.
19:40 of 1st period - Backhand shot by Sergei Kostitsyn.
19:40 of 1st period - Shot Misses the Net.
19:58 of 1st period - Kristopher Letang is hit by Colby Armstrong and loses puck.
Goals for this period are 1 for Coyotes vs 0 for Senateurs.
Shots for this period are 9 for Coyotes vs 4 for Senateurs.
2nd period
0:01 of 2nd period - Nazem Kadri wins face-off versus Sidney Crosby in neutral zone.
0:13 of 2nd period - Wrist shot by Marian Gaborik.
0:13 of 2nd period - Shot Blocked by Sidney Crosby.
0:27 of 2nd period - Brad Richards is hit by Colby Armstrong and loses puck.
0:32 of 2nd period - Slapshot by Evgeni Malkin.
0:32 of 2nd period - Shot Blocked by Brad Richards.
1:18 of 2nd period - Wrist shot by Ramzi Abid.
1:18 of 2nd period - Stopped by Roberto Luongo with a rebound.
1:28 of 2nd period - Michael Del Zotto is hit by Evgeni Malkin and loses puck.
2:02 of 2nd period - Snap shot by Brad Richards.
2:02 of 2nd period - Stopped by Roberto Luongo with a rebound.
3:07 of 2nd period - Carlo Colaiacovo is hit by Michael Del Zotto and loses puck.
4:51 of 2nd period - Snap shot by Tyler Ennis.
4:51 of 2nd period - Stopped by Roberto Luongo with a rebound.
4:53 of 2nd period - Minor Penalty to Ryan Hollweg for Hooking.
4:54 of 2nd period - Sidney Crosby wins face-off versus Brad Richards in Senateurs zone.
5:05 of 2nd period - Snap shot by Brad Richards.
5:05 of 2nd period - Stopped by Roberto Luongo without a rebound.
5:06 of 2nd period - Nazem Kadri wins face-off versus Sidney Crosby in Senateurs zone.
5:09 of 2nd period - Snap shot by Nazem Kadri.
5:09 of 2nd period - Shot Blocked by Dion Phaneuf.
6:36 of 2nd period - Dion Phaneuf is hit by Chris Stewart and loses puck.
6:53 of 2nd period - Penalty to Ryan Hollweg is over, Ryan Hollweg is back on ice.
7:03 of 2nd period - Martin Samuelsson is hit by Carlo Colaiacovo and loses puck.
7:30 of 2nd period - Anton Stralman is hit by Sidney Crosby and loses puck.
8:27 of 2nd period - Martin Samuelsson is hit by Ryan Hollweg and loses puck.
8:59 of 2nd period - Ramzi Abid is hit by Daniel Briere and loses puck.
9:12 of 2nd period - Evgeni Malkin is hit by Brad Richards and loses puck.
9:25 of 2nd period - Jamie Arniel is hit by Sidney Crosby and loses puck.
9:41 of 2nd period - Icing by Cody Franson.
9:42 of 2nd period - Stephane Da Costa wins face-off versus Brad Richards in Senateurs zone.
10:21 of 2nd period - Evgeny Artyukhin is hit by Evgeni Malkin and loses puck.
10:42 of 2nd period - Slapshot by Brad Richards.
10:42 of 2nd period - Stopped by Roberto Luongo with a rebound.
10:44 of 2nd period - Wrist shot by Zach Parise.
10:44 of 2nd period - Shot Blocked by Sidney Crosby.
12:28 of 2nd period - Snap shot by Brad Richards.
12:28 of 2nd period - Shot Blocked by Duncan Keith.
12:30 of 2nd period - Snap shot by Nazem Kadri.
12:30 of 2nd period - Shot Misses the Net.
12:32 of 2nd period - Slapshot by Kristopher Letang.
12:32 of 2nd period - Shot Blocked by Duncan Keith.
12:58 of 2nd period - Wrist shot by Evgeni Malkin.
12:58 of 2nd period - Stopped by Maxime Daigneault with a rebound.
13:16 of 2nd period - Thomas Hickey is hit by Daniel Sedin and loses puck.
14:12 of 2nd period - Arturs Kulda is hit by Michael Del Zotto and loses puck.
14:28 of 2nd period - Kristopher Letang is hit by Jamie Benn and loses puck.
15:32 of 2nd period - Chris Stewart is hit by Ryan Hollweg and loses puck.
15:44 of 2nd period - Phil Kessel is hit by Brad Richards and loses puck.
15:57 of 2nd period - Dion Phaneuf is hit by Martin Samuelsson and loses puck.
16:12 of 2nd period - Snap shot by Nazem Kadri.
16:12 of 2nd period - Shot Misses the Net.
16:40 of 2nd period - Chris Stewart is hit by Evgeni Malkin and loses puck.
17:18 of 2nd period - Slapshot by Anton Stralman.
17:18 of 2nd period - Stopped by Roberto Luongo with a rebound.
17:56 of 2nd period - Dion Phaneuf is hit by Kristopher Letang and loses puck.
18:19 of 2nd period - Ramzi Abid is hit by Daniel Sedin and loses puck.
18:48 of 2nd period - Wrist shot by Tyler Ennis.
18:48 of 2nd period - Stopped by Roberto Luongo with a rebound.
Goals for this period are 0 for Coyotes vs 0 for Senateurs.
Shots for this period are 7 for Coyotes vs 1 for Senateurs.
3rd period
0:01 of 3rd period - Jamie Benn wins face-off versus Nazem Kadri in neutral zone.
0:06 of 3rd period - Wrist shot by Phil Kessel.
0:06 of 3rd period - Deflect By Kristopher Letang.
0:06 of 3rd period - Stopped by Maxime Daigneault with a rebound.
0:14 of 3rd period - Phil Kessel is hit by Kristopher Letang and loses puck.
0:27 of 3rd period - Chris Stewart is hit by Cody Franson and loses puck.
0:34 of 3rd period - Snap shot by Evgeni Malkin.
0:34 of 3rd period - Shot Blocked by Brad Richards.
0:36 of 3rd period - Snap shot by Colby Armstrong.
0:36 of 3rd period - Shot Blocked by Anton Stralman.
0:38 of 3rd period - Slapshot by Daniel Sedin.
0:38 of 3rd period - Stopped by Maxime Daigneault without a rebound.
0:39 of 3rd period - Colby Armstrong wins face-off versus Nazem Kadri in Coyotes zone.
0:52 of 3rd period - Snap shot by Marian Gaborik.
0:52 of 3rd period - Stopped by Roberto Luongo with a rebound.
0:54 of 3rd period - Slapshot by Josh Gorges.
0:54 of 3rd period - Stopped by Roberto Luongo with a rebound.
1:19 of 3rd period - Slapshot by Josh Gorges.
1:19 of 3rd period - Shot Misses the Net.
1:31 of 3rd period - Wrist shot by Sidney Crosby.
1:31 of 3rd period - Shot Blocked by Chris Stewart.
1:37 of 3rd period - Slapshot by Kristopher Letang.
1:37 of 3rd period - Shot Misses the Net.
1:39 of 3rd period - Slapshot by Chris Stewart.
1:39 of 3rd period - Goal by Chris Stewart - Coyotes : 2 - Senateurs : 0.
1:40 of 3rd period - Sidney Crosby wins face-off versus Nazem Kadri in neutral zone.
1:47 of 3rd period - Slapshot by Sidney Crosby.
1:47 of 3rd period - Stopped by Maxime Daigneault with a rebound.
3:01 of 3rd period - Sidney Crosby is hit by Michael Del Zotto and loses puck.
3:42 of 3rd period - Kristopher Letang is hit by Daniel Briere and loses puck.
3:47 of 3rd period - Snap shot by Daniel Briere.
3:47 of 3rd period - Stopped by Maxime Daigneault with a rebound.
3:49 of 3rd period - Slapshot by Mark Giordano.
3:49 of 3rd period - Stopped by Maxime Daigneault with a rebound.
3:51 of 3rd period - Slapshot by Sergei Kostitsyn.
3:51 of 3rd period - Stopped by Maxime Daigneault without a rebound.
3:52 of 3rd period - Evgeni Malkin wins face-off versus Brad Richards in Coyotes zone.
3:57 of 3rd period - Wrist shot by Evgeni Malkin.
3:57 of 3rd period - Stopped by Maxime Daigneault with a rebound.
4:07 of 3rd period - Snap shot by Brad Richards.
4:07 of 3rd period - Shot Blocked by Mark Giordano.
4:09 of 3rd period - Wrist shot by Zach Parise.
4:09 of 3rd period - Goal by Zach Parise - Coyotes : 3 - Senateurs : 0.
4:10 of 3rd period - Nazem Kadri wins face-off versus Sidney Crosby in neutral zone.
5:30 of 3rd period - Slapshot by Nate Prosser.
5:30 of 3rd period - Shot Misses the Net.
6:28 of 3rd period - Colby Armstrong is hit by Thomas Hickey.
6:46 of 3rd period - Wrist shot by Evgeny Artyukhin.
6:46 of 3rd period - Shot Misses the Net.
6:48 of 3rd period - Snap shot by Jamie Arniel.
6:48 of 3rd period - Deflect By Martin Samuelsson.
6:48 of 3rd period - Stopped by Roberto Luongo with a rebound.
7:02 of 3rd period - Slapshot by Sergei Kostitsyn.
7:02 of 3rd period - Stopped by Maxime Daigneault with a rebound.
7:12 of 3rd period - Snap shot by Evgeni Malkin.
7:12 of 3rd period - Stopped by Maxime Daigneault without a rebound.
7:13 of 3rd period - Evgeni Malkin wins face-off versus Brad Richards in Coyotes zone.
7:16 of 3rd period - Wrist shot by Daniel Sedin.
7:16 of 3rd period - Shot Misses the Net.
7:18 of 3rd period - Slapshot by Dion Phaneuf.
7:18 of 3rd period - Stopped by Maxime Daigneault with a rebound.
7:20 of 3rd period - Slapshot by Arturs Kulda.
7:20 of 3rd period - Stopped by Maxime Daigneault with a rebound.
7:22 of 3rd period - Slapshot by Evgeni Malkin.
7:22 of 3rd period - Deflect By Colby Armstrong.
7:22 of 3rd period - Shot Misses the Net.
7:22 of 3rd period - Puck is out of play.
7:23 of 3rd period - Brad Richards wins face-off versus Sidney Crosby in Coyotes zone.
7:58 of 3rd period - Snap shot by Jamie Arniel.
7:58 of 3rd period - Shot Misses the Net.
8:18 of 3rd period - Snap shot by Sergei Kostitsyn.
8:18 of 3rd period - Stopped by Maxime Daigneault with a rebound.
8:20 of 3rd period - Slapshot by Nate Prosser.
8:20 of 3rd period - Deflect By Daniel Briere.
8:20 of 3rd period - Stopped by Maxime Daigneault with a rebound.
8:22 of 3rd period - Slapshot by Duncan Keith.
8:22 of 3rd period - Stopped by Maxime Daigneault with a rebound.
8:24 of 3rd period - Slapshot by Nate Prosser.
8:24 of 3rd period - Deflect By Sergei Kostitsyn.
8:24 of 3rd period - Deflect By Marian Gaborik.
8:24 of 3rd period - Stopped by Maxime Daigneault without a rebound.
8:25 of 3rd period - Sidney Crosby wins face-off versus Zach Parise in Coyotes zone.
8:28 of 3rd period - Snap shot by Phil Kessel.
8:28 of 3rd period - Shot Misses the Net.
9:03 of 3rd period - Slapshot by Evgeni Malkin.
9:03 of 3rd period - Shot Misses the Net.
9:25 of 3rd period - Wrist shot by Jamie Arniel.
9:25 of 3rd period - Shot Blocked by Duncan Keith.
9:27 of 3rd period - Backhand shot by Kristopher Letang.
9:27 of 3rd period - Stopped by Roberto Luongo with a rebound.
9:37 of 3rd period - Stephane Da Costa is hit by Anton Stralman.
9:38 of 3rd period - Icing by Stephane Da Costa.
9:39 of 3rd period - Stephane Da Costa wins face-off versus Nick Bonino in Senateurs zone.
9:39 of 3rd period - Stephane Da Costa is hit by Nick Bonino.
10:04 of 3rd period - Zach Parise is hit by Daniel Sedin.
10:12 of 3rd period - Snap shot by Chris Stewart.
10:12 of 3rd period - Shot Misses the Net.
10:14 of 3rd period - Snap shot by Chris Stewart.
10:14 of 3rd period - Shot Blocked by Daniel Sedin.
10:31 of 3rd period - Off-side.
10:32 of 3rd period - Radim Vrbata wins face-off versus Jamie Arniel in neutral zone.
11:09 of 3rd period - Wrist shot by Jamie Arniel.
11:09 of 3rd period - Stopped by Roberto Luongo with a rebound.
11:31 of 3rd period - Slapshot by Sergei Kostitsyn.
11:31 of 3rd period - Shot Misses the Net.
11:45 of 3rd period - Wrist shot by Evgeny Artyukhin.
11:45 of 3rd period - Stopped by Roberto Luongo with a rebound.
12:03 of 3rd period - Wrist shot by Radim Vrbata.
12:03 of 3rd period - Goal by Radim Vrbata - Coyotes : 3 - Senateurs : 1.
12:04 of 3rd period - Nazem Kadri wins face-off versus Sidney Crosby in neutral zone.
12:09 of 3rd period - Wrist shot by Tyler Ennis.
12:09 of 3rd period - Stopped by Roberto Luongo without a rebound.
12:10 of 3rd period - Nazem Kadri wins face-off versus Sidney Crosby in Senateurs zone.
12:13 of 3rd period - Snap shot by Tyler Ennis.
12:13 of 3rd period - Stopped by Roberto Luongo with a rebound.
12:15 of 3rd period - Snap shot by Josh Gorges.
12:15 of 3rd period - Stopped by Roberto Luongo with a rebound.
12:26 of 3rd period - Slapshot by Nazem Kadri.
12:26 of 3rd period - Shot Misses the Net.
15:04 of 3rd period - Snap shot by Marian Gaborik.
15:04 of 3rd period - Stopped by Roberto Luongo with a rebound.
15:48 of 3rd period - Off-side.
15:49 of 3rd period - Nazem Kadri wins face-off versus Sergei Kostitsyn in neutral zone.
15:52 of 3rd period - Radim Vrbata is hit by Tyler Ennis and loses puck.
16:13 of 3rd period - Michael Del Zotto is hit by Jamie Benn and loses puck.
17:08 of 3rd period - Slapshot by Cody Franson.
17:08 of 3rd period - Deflect By Radim Vrbata.
17:08 of 3rd period - Stopped by Maxime Daigneault with a rebound.
17:22 of 3rd period - Anton Stralman is hit by Sidney Crosby and loses puck.
Goals for this period are 2 for Coyotes vs 1 for Senateurs.
Shots for this period are 12 for Coyotes vs 17 for Senateurs.
Back to the Top